 Dungeon Crawl Stone Soup version 0.18-a0-1-gfac8111 (webtiles) character file.

637 Raultor the Changer (level 7, 0/43 HPs)
             Began as an Octopode Transmuter on Oct 30, 2015.
             Was a Believer of Dithmenos.
             Slain by a mummy (6 damage)
             ... in an ossuary.
             The game lasted 00:17:40 (4437 turns).

Raultor the Changer (Octopode Transmuter)           Turns: 4437, Time: 00:17:41

Health: 0/43       AC:  1    Str: 10    XL:     7   Next: 50%
Magic:  10/10      EV: 12    Int: 17    God:    Dithmenos [**....]
Gold:   158        SH:  0    Dex: 12    Spells: 4 memorised, 0 levels left

rFire  . . .     SeeInvis .       - Unarmed
rCold  . . .     Clarity  .     (no shield)
rNeg   . . .     SustAt   .     (helmet restricted)
rPois  .         Gourm    .     (no amulet)
rElec  .         Spirit   .     (no ring)
rCorr  .         Warding  .     (no ring)
rMut   .         Stasis   .     (no ring)
MR     .....                    (no ring)
Stlth  ++++......               (no ring)
                                (no ring)
                                (no ring)
                                (no ring)

@: wreathed by umbra, not resistant to hostile enchantments, stealthy
A: almost no armour, amphibious, 8 rings, constrict 8, camouflage 1, gelatinous
body 1
a: Shadow Step, Renounce Religion


You were in an ossuary.
You worshipped Dithmenos.
Dithmenos was pleased with you.
You were not hungry.

You visited 1 branch of the dungeon, and saw 5 of its levels.
You also visited: Ossuary.

You collected 158 gold pieces.

Inventory:

Hand Weapons
 n - a +0 club
Missiles
 a - 38 arrows
 g - 27 poisoned needles
 h - 6 tomahawks (quivered)
Armour
 i - a +0 buckler
 v - a +0 shield
Jewellery
 d - a cursed ring of teleportation {unknown}
Scrolls
 e - 2 scrolls of teleportation {unknown}
 f - 9 scrolls of identify {unknown}
 k - a scroll of fear {unknown}
 m - a scroll of magic mapping {unknown}
 w - a scroll of enchant armour {unknown}
 x - 2 scrolls of remove curse {unknown}
 y - a scroll of immolation {unknown}
Potions
 l - 3 potions of curing
 o - a potion of flight {unknown}
 p - a potion of degeneration {unknown}
 r - a potion of cancellation {unknown}
 s - a potion of ambrosia {unknown}
 t - a potion of might {unknown}
 u - 2 potions of lignification {unknown}
Books
 b - a book of Changes

   Spells                             Type                      Level
   a - Beastly Appendage              Transmutation                1
   b - Sticks to Snakes               Transmutation                2
   c - Spider Form                    Transmutation/Poison         3
   d - Ice Form                       Ice/Transmutation            4
   e - Blade Hands                    Transmutation                5
Comestibles
 c - 6 bread rations
 j - 2 meat rations
 q - 2 beef jerkies
 z - 3 fruits


   Skills:
 - Level 1.0 Fighting
 - Level 2.0 Dodging
 - Level 5.0 Unarmed Combat
 - Level 2.0 Spellcasting
 + Level 6.6 Transmutations
 + Level 2.1 Ice Magic


You couldn't memorise any spells.
You knew the following spells:

 Your Spells              Type           Power        Failure   Level  Hunger
a - Beastly Appendage     Trmt           ###...       1%          1    #......
b - Sticks to Snakes      Trmt           ###.......   1%          2    ###....
c - Spider Form           Trmt/Pois      ##........   17%         3    ###....
d - Ice Form              Ice/Trmt       ###.....     38%         4    #####..


Dungeon Overview and Level Annotations

Branches:
Dungeon (5/15)
 Temple: D:4-7

Altars:
Ashenzari
Dithmenos
Makhleb
Qazlal


Innate Abilities, Weirdness & Mutations

You cannot wear most types of armour.
You are amphibious.
You can wear up to eight rings at the same time.
You can use your tentacles to constrict eight enemies at once.
Your skin changes colour to match your surroundings (Stealth).
Your rubbery body absorbs attacks (AC +1).


Message History

You are too injured to fight recklessly!
You closely miss the adder zombie. You grab the adder zombie.
Your tentacle-slap misses the adder zombie.
You squeeze the adder zombie! You constrict the adder zombie.
The adder zombie bites you but does no damage.
You bludgeon the adder zombie!
You destroy the adder zombie!
Dithmenos accepts your kill.
You are too injured to fight recklessly!
You tentacle-slap the mummy. Your grab misses the mummy.
The mummy is moderately damaged.
The mummy barely misses you.
You tentacle-slap the mummy but do no damage.
Your grab misses the mummy.
The mummy is moderately damaged.
You tentacle-slap the mummy but do no damage.
You grab the mummy.
The mummy is moderately damaged.
You constrict the mummy. The mummy hits you.
You die... ≈# # ≈ #### ≈#≈ ##≈#≈# #≈# P#P≈P#P

#.##
.≈.≈≈≈.#+#.≈##
≈≈≈≈≈.≈≈.≈...#
≈##'##†##.≈##
#...#.@.#
#.∩.#M###
#∩..#.'
#####.# ..+
#.# #.+ #.


You could see a mummy.

Vanquished Creatures
  A sky beast (D:3)
  Blork the orc (D:4)
  A bog body (Ossuary)
  2 hounds (D:4)
  An iguana (D:4)
  A jelly (D:3)
  A worker ant (D:4)
  A killer bee zombie (Ossuary)
  A hound zombie (Ossuary)
  A hound skeleton (D:4)
  7 mummies (Ossuary)
  5 adders
  2 adder skeletons (D:4)
  4 adder zombies (Ossuary)
  2 oozes (D:1)
  8 worms
  6 orcs (D:3)
  A ball python (D:3)
  6 bats
  4 goblins
  5 hobgoblins
  7 jackals
  A quokka (D:2)
  2 giant cockroaches (D:3)
  6 giant newts
  11 kobolds
  A quokka skeleton (D:5)
  12 rats
101 creatures vanquished.

Vanquished Creatures (others)
  An orc (D:3)
  3 plants (Ossuary)
4 creatures vanquished.

Grand Total: 105 creatures vanquished

Notes
Turn   | Place    | Note
--------------------------------------------------------------
     0 | D:1      | Raultor the Octopode Transmuter began the quest for the Orb.
     0 | D:1      | Reached XP level 1. HP: 13/13 MP: 3/3
    60 | D:1      | Reached XP level 2. HP: 6/18 MP: 3/5
   424 | D:1      | Learned a level 2 spell: Sticks to Snakes
  1014 | D:2      | Reached XP level 3. HP: 15/23 MP: 4/6
  1022 | D:2      | Learned a level 3 spell: Spider Form
  1023 | D:2      | Found a shattered altar of Ashenzari.
  1257 | D:2      | Found a shadowy altar of Dithmenos.
  1299 | D:2      | Became a worshipper of Dithmenos the Shadowed
  1354 | D:2      | Reached XP level 4. HP: 28/28 MP: 1/7
  1428 | D:2      | Found a burning altar of Makhleb.
  1939 | D:2      | Reached skill level 4 in Unarmed Combat
  2283 | D:3      | Reached * piety under Dithmenos
  2413 | D:3      | Noticed a sky beast
  2427 | D:3      | Killed a sky beast
  2427 | D:3      | Reached XP level 5. HP: 17/33 MP: 4/8
  2734 | D:3      | Found a stormy altar of Qazlal.
  2795 | D:3      | Reached XP level 6. HP: 20/38 MP: 6/9
  2800 | D:3      | Reached skill level 5 in Unarmed Combat
  3364 | D:4      | Reached skill level 5 in Transmutations
  3388 | D:4      | Noticed Blork the orc
  3399 | D:4      | Killed Blork the orc
  3831 | D:4      | Reached skill level 6 in Transmutations
  3831 | D:4      | Reached XP level 7. HP: 32/43 MP: 6/10
  3847 | D:4      | Learned a level 4 spell: Ice Form
  3932 | D:4      | Reached ** piety under Dithmenos
  4157 | D:5      | Entered Level 5 of the Dungeon
  4230 | D:5      | Found a sand-covered staircase.
  4237 | Ossuary  | Entered an ossuary
  4262 | Ossuary  | Reached skill level 1 in Ice Magic
  4308 | Ossuary  | HP: 2/43 [mummy (12)]
  4406 | Ossuary  | HP: 2/43 [killer bee zombie (5)]
  4437 | Ossuary  | Slain by a mummy

Vault maps used:
D:1:      erik_arrival_gehennom
D:2:      lemuel_crystal_altar, old_standard_altar,
          grunt_dithmenos_smoke_and_mirrors
D:3:      nicolae_qazlal_eye_of_the_storm, first_bread, due_unseen_surprise
D:4:      nicolae_underground_beach, uniq_blork_the_orc
D:5:      nicolae_ossuary_entry_plus
Ossuary:  ossuary_zaba_flooded

Action                   |  1- 3 |  4- 6 |  7- 9 || total
-------------------------+-------+-------+-------++-------
Melee: Unarmed           |    73 |   154 |    80 ||   307
 Cast: Beastly Appendage |     7 |     2 |       ||     9
       Spider Form       |     6 |     7 |     1 ||    14
  Use: Potion            |       |       |     1 ||     1
 Stab: Sleeping          |     5 |     9 |     1 ||    15
  Eat: Chunk             |     2 |     9 |     1 ||    12
       Royal jelly       |       |       |     1 ||     1
